 Dungeon Crawl Stone Soup version 0.28-a0-1613-gdaab1c2f9b (webtiles) character file.

Game seed: 14034345356495026678

4147 vineage the Fighter (level 10, -10/67 (68) HPs)
             Began as a Gargoyle Fighter on Jan 21, 2022.
             Was an Initiate of Okawaru.
             Mangled by a sixfirhy (11 damage)
             ... on level 2 of the Abyss.
             The game lasted 00:09:04 (10383 turns).

vineage the Fighter (Gargoyle Fighter)             Turns: 10383, Time: 00:09:05

HP:   -10/67 (68)   AC: 13    Str: 29    XL:     10   Next: 27%
MP:   0/19          EV:  9    Int:  8    God:    Okawaru [......]
Gold: 316           SH:  6    Dex: 11    Spells: 9/9 levels left

rFire   . . .      SeeInvis .   p - +4 flail
rCold   . . .      Faith    .   c - +1 buckler
rNeg    + . .      Spirit   +   b - +0 scale mail
rPois   ∞          Reflect  .   (no helmet)
rElec   +          Harm     .   (no cloak)
rCorr   .          Rampage  .   t - +0 pair of gloves
Will    .....                   (no boots)
Stlth   ..........              x - amulet of guardian spirit
HPRegen 0.21/turn               n - +6 ring of strength
MPRegen 0.16/turn               j - ring of magical power

@: lightly drained
A: sickness immunity, AC +7, negative energy resistance 1, electricity
resistance, torment resistance 1, petrification resistance, [deformed body], [no
potion heal 2]
a: Renounce Religion


You were on level 2 of the Abyss.
You worshipped Okawaru.
Okawaru was noncommittal.
You visited 2 branches of the dungeon, and saw 9 of its levels.
You visited the Abyss 1 time.

You collected 371 gold pieces.
You spent 55 gold pieces at shops.

Inventory:

Hand Weapons
 a - a +0 flail
 p - a +4 flail (weapon)
Armour
 b - a +0 scale mail (worn)
 c - a +1 buckler (worn)
 t - a +0 pair of gloves (worn)
Jewellery
 j - a ring of magical power (right hand)
 n - a +6 ring of strength (left hand)
 o - a ring of flight
 x - an amulet of guardian spirit (around neck)
Wands
 k - a wand of charming (9)
 l - a wand of flame (21)
 r - a wand of acid (9)
 u - a wand of iceblast (14)
Scrolls
 d - 3 scrolls of teleportation
 m - a scroll of holy word
 q - a scroll of blinking
Potions
 e - 2 potions of mutation {unknown}
 f - 3 potions of heal wounds
 g - 4 potions of curing
 h - 2 potions of resistance {unknown}
 i - 2 potions of cancellation
 s - a potion of brilliance {unknown}
 v - a potion of lignification {unknown}
 w - a potion of ambrosia {unknown}


   Skills:
 * Level 10.7 Fighting
 + Level 6.7 Maces & Flails
 + Level 7.9 Armour
 + Level 7.9 Shields


You had 9 spell levels left.
You didn't know any spells.
Your spell library contained the following spells:

 Spells                   Type           Power      Damage    Failure   Level
 Apportation              Tloc           0%         N/A       71%         1
 Freeze                   Ice            0%         1d3       71%         1
 Pain                     Necr           0%         1d4       71%         1
 Frozen Ramparts          Ice            0%         1d2       97%         3
 Inner Flame              Hex/Fire       0%         N/A       97%         3
 Ozocubu's Armour         Ice            0%         N/A       97%         3
 Vampiric Draining        Necr           0%         2d6       97%         3
 Cause Fear               Hex            0%         N/A       100%        4
 Hailstorm                Conj/Ice       0%         3d3       100%        4
 Metabolic Englaciation   Hex/Ice        0%         N/A       100%        5
 Eringya's Noxious Bog    Tmut/Pois      0%         N/A       100%        6
 Discord                  Hex            0%         N/A       100%        8
 Necromutation            Tmut/Necr      0%         N/A       100%        8
 Animate Skeleton         Necr           Unusable   N/A       N/A         1
 Summon Small Mammal      Summ           Unusable   N/A       N/A         1
 Simulacrum               Ice/Necr       Unusable   N/A       N/A         6

Dungeon Overview and Level Annotations

Branches:
Dungeon (8/15)             Temple (1/1) D:7
   Lair: D:8-11

Altars:
Ashenzari
Dithmenos
Gozag
Hepliaklqana
Kikubaaqudgha
Makhleb
Okawaru
Trog
Xom
Zin

Shops:
D:4 :   D:6 !

Annotations:
D:7 Psyche


Innate Abilities, Weirdness & Mutations

You are immune to sickness and miasma.
Your stone body is resilient. (AC +7)
You are immune to poison.
You resist negative energy. (rN+)
You are resistant to electric shocks. (rElec)
You are resistant to unholy torment.
You are immune to petrification.
[Armour fits poorly on your strangely shaped body.]
[Potions cannot restore your health.]


Message History

The hellwing hits you but does no damage.
The hellwing hits you! The small abomination hits you!
The small abomination hits you!
A wretched star comes into view.
The flying skull barely misses you.
The wretched star pulses with an eldritch light!
Your system partially rejects the healing effects of potions.
Your system completely rejects the healing effects of potions.
The small abomination closely misses you.
The flying skull closely misses you.
The small abomination barely misses you.
The flying skull closely misses you.
The small abomination completely misses you.
The flying skull barely misses you.
The wretched star pulses with an eldritch light!
Your body twists and deforms.
The small abomination hits you!
* * * LOW HITPOINT WARNING * * *
The flying skull barely misses you.
An ice devil comes into view.
A sixfirhy comes into view.
You block the flying skull's attack.
The sixfirhy moves out of view.
The hellwing swoops through the air toward you!
The hellwing closely misses you. You block the hellwing's attack.
The flying skull hits you but does no damage.
The hellwing hits you.
* * * LOW HITPOINT WARNING * * *
The hellwing hits you.
* * * LOW HITPOINT WARNING * * *
The small abomination hits you.
* * * LOW HITPOINT WARNING * * *
The sixfirhy completely misses you.
The sixfirhy hits you but does no damage.
You block the sixfirhy's attack. The sixfirhy hits you!
* * * LOW HITPOINT WARNING * * *
The sixfirhy shocks you. You resist.
* * * LOW HITPOINT WARNING * * *
The sixfirhy hits you!
You die...

# . .......# #...
.......# # . ##..#.#. ..
. ...... # # .... #....
##.#. #.. #... #.. #...
#..# ## ####.#x.
.#.#.##.@###.##.##. #...
........3....... .... ...
#....#4##.#.##.# . .# .
........................
.#....#x##.#.##........ #
.......z......+.........
...........####.x.......
..#...#..#..x............
......... ......... #....


You could see an ice devil, a sixfirhy, a small abomination and a flying skull.

Vanquished Creatures
  The ghost of kae the Ruffian, a novice DrTm (D:5)
  3 water moccasins
  An orc warrior (D:4)
  3 necrophages
  5 ogres
  2 phantoms
  5 kobold brigands (D:4)
  A bullfrog (D:7)
  2 scorpions
  3 wyvern zombies
  A wyvern skeleton (D:6)
  A water moccasin skeleton (D:5)
  3 wights (D:6)
  4 killer bees (D:7)
  6 centaur zombies (D:6)
  2 bullfrog zombies
  3 hounds
  A jelly (D:6)
  3 orc priests
  A bullfrog skeleton (D:5)
  A gnoll shaman (D:5)
  2 centaur skeletons
  Jessica (D:2)
  An iguana (D:5)
  Ijyb (D:3)
  Terence (D:3)
  6 orc wizards
  A killer bee zombie (D:6)
  A hound skeleton (D:5)
  2 howler monkey zombies
  Robin (D:3)
  12 gnolls
  4 adders
  2 shadow imps
  A white imp (D:6)
  2 ufetubi (D:4)
  A worm (D:2)
  3 dart slugs
  24 orcs
  6 ball pythons
  7 endoplasms
  3 giant cockroaches
  13 hobgoblins
  43 kobolds
  4 quokkas
  3 bats (D:1)
  6 frilled lizards
  17 goblins
  6 rats
226 creatures vanquished.

Vanquished Creatures (others)
  4 starspawn tentacles (Abyss:2)
  A withered plant (D:6)
5 creatures vanquished.

Grand Total: 231 creatures vanquished

Notes
Turn   | Place    | Note
-------+----------+-------------------------------------------
     0 | D:1      | vineage the Gargoyle Fighter began the quest for the Orb.
     0 | D:1      | Reached XP level 1. HP: 14/14 MP: 1/1
   250 | D:1      | Found a faded altar of an unknown god.
   250 | D:1      | Noticed an eye of devastation
   254 | D:1      | Noticed an eye of devastation
   254 | D:1      | Noticed a floating eye
   254 | D:1      | Noticed a shining eye
   352 | D:1      | Reached XP level 2. HP: 18/19 MP: 2/2
  1013 | D:2      | Reached XP level 3. HP: 15/24 MP: 3/3
  1357 | D:2      | Found a glowing silver altar of Zin.
  1373 | D:2      | Reached skill level 4 in Fighting
  1640 | D:2      | Noticed Jessica
  1648 | D:2      | Killed Jessica
  1649 | D:2      | Reached XP level 4. HP: 21/29 MP: 4/4
  2181 | D:3      | Reached XP level 5. HP: 26/34 MP: 5/5
  2444 | D:3      | Noticed Ijyb
  2462 | D:3      | Killed Ijyb
  2469 | D:3      | Reached skill level 5 in Fighting
  2825 | D:3      | Noticed Terence
  2830 | D:3      | Killed Terence
  2831 | D:3      | Reached XP level 6. HP: 32/40 MP: 6/6
  2912 | D:3      | Noticed Robin
  2944 | D:3      | Killed Robin
  3383 | D:4      | Noticed a necrophage
  3393 | D:4      | Killed a necrophage
  3520 | D:4      | Reached XP level 7. HP: 39/45 MP: 7/7
  3676 | D:4      | Found Zuon Timn's Book Shoppe.
  4055 | D:4      | Reached skill level 6 in Fighting
  4355 | D:4      | Reached skill level 5 in Shields
  4565 | D:4      | Reached skill level 5 in Armour
  5245 | D:4      | Reached XP level 8. HP: 35/52 MP: 8/8
  5402 | D:4      | Reached skill level 7 in Fighting
  5925 | D:5      | Entered Level 5 of the Dungeon
  6141 | D:5      | Reached skill level 8 in Fighting
  6141 | D:5      | Reached skill level 5 in Maces & Flails
  6903 | D:5      | Reached XP level 9. HP: 60/60 MP: 9/9
  6908 | D:5      | Found a runed translucent gate.
  6908 | D:5      | Found a runed translucent gate.
  6908 | D:5      | Found a runed translucent gate.
  7279 | D:5      | Noticed kae's ghost (novice DrTm)
  7303 | D:5      | Killed kae's ghost
  7304 | D:5      | Reached skill level 9 in Fighting
  7469 | D:5      | Found a bloodstained altar of Trog.
  7984 | D:6      | Got the Papyrus of Moulding
  8497 | D:6      | Reached skill level 10 in Fighting
  8936 | D:6      | Reached XP level 10. HP: 68/68 MP: 10/10
  8957 | D:6      | Found Bis Xie's Distillery.
  8960 | D:6      | Bought a potion of heal wounds for 55 gold pieces
  9614 | D:7      | Found a staircase to the Ecumenical Temple.
  9636 | Temple   | Entered the Ecumenical Temple
  9655 | Temple   | Became a worshipper of Warmaster Okawaru
 10247 | D:8      | Noticed Psyche
 10258 | D:8      | Noticed a centaur warrior
 10262 | D:7      | Cast into level 2 of the Abyss (Psyche)
 10294 | Abyss:2  | Noticed a red draconian scorcher
 10314 | Abyss:2  | Noticed a tentacled starspawn
 10364 | Abyss:2  | Noticed a wretched star
 10376 | Abyss:2  | Noticed a sixfirhy
 10383 | Abyss:2  | HP: 1/67 [sixfirhy (3)]
 10383 | Abyss:2  | Mangled by a sixfirhy

Illustrated notes

Levels and vault maps discovered:
D:1:      tarquinn_simple_flora_water_b, layout_basic,
          hellmonk_ecumenical_altar_watching_god, hangedman_decor_opposing,
          hangedman_decor_riveting
D:2:      layout_rooms, basic_altar, dk_vineyard_1, kennysheep_another_room,
          uniq_jessica
D:3:      layout_basic, uniq_robin, uniq_ijyb, uniq_terence
D:4:      minmay_goblin_kobold_castle, layout_basic, serial_shops,
          nicolae_square_shop, patterned_corridor
D:5:      layout_basic, lemuel_round_altar, serial_glass, glass_columns_a,
          glass_columns_a, glass_columns_a, glass_columns_b,
          ebering_ghost_rock_garden
D:6:      layout_loops_ring, serial_shops, kennysheep_mini, serial_undead,
          serial_undead_e, serial_undead_f, serial_undead_d, serial_undead_e,
          minmay_misc_feat_rugged, hangedman_abyss_or_decor_lesser_grid
D:7:      layout_loops_ring, minmay_temple_entry_mini_moons, grunt_ministairs_7
D:8:      layout_cave_pools, serial_shops, kennysheep_mini_moat,
          nicolae_square_shop, nicolae_stop_n_shop_2,
          nicolae_shop_hallway_stairs, shop, serial_park_tiny_2,
          wad_rectangle_vault, uniq_psyche
Temple:   regret_index_temple_sigil_plot
Abyss:2:  base: D:5, hangedman_abyss_or_decor_stabs

Skill      XL: |  1  2  3  4  5  6  7  8  9 |
---------------+----------------------------+-----
Fighting       | 4 5 6 8 10 | 10.7
Shields        | 4 5 6 7 |  7.9
Armour         | 4 5 6 7 |  7.9
Maces & Flails | 3 4 5 6 |  6.7

Action                   |  1- 3 |  4- 6 |  7- 9 | 10-12 || total
-------------------------+-------+-------+-------+-------++-------
Melee: Flail             |   112 |   176 |   469 |    84 ||   841
  Use: Potion            |       |     2 |     1 |       ||     3
       Scroll            |       |     4 |     6 |     1 ||    11
Armor: Scale mail        |    70 |    97 |   316 |    68 ||   551
Dodge: Dodged            |    87 |    71 |   225 |    62 ||   445
Block: Buckler           |    30 |    34 |   164 |    41 ||   269

Table legend: (Time is in decaauts)
 A = Elapsed time spent in this place.
 B = Non-inter-level travel time spent in this place.
 C = Inter-level travel time spent in this place.
 D = Time resting spent in this place.
 E = Time spent auto-exploring this place.
 F = Levels seen in this place.
 G = Mean time per level.
                   A        B        C        D        E       F      G
               +--------+--------+--------+--------+--------+-----+--------+
         Total |  10588 |  10255 |    333 |    807 |   7605 |  10 | 1058.8 |
       Dungeon |  10437 |  10119 |    318 |    807 |   7597 |   8 | 1304.6 |
        Temple |     30 |     15 |     15 |      0 |      8 |   1 |   30.0 |
         Abyss |    120 |    120 |      0 |      0 |      0 |   1 |  120.0 |
               +--------+--------+--------+--------+--------+-----+--------+

Top non-repeatable levels by time:
     D:4: 2639 daAuts
     D:5: 1795 daAuts
     D:6: 1587 daAuts
     D:3: 1516 daAuts
     D:1: 1013 daAuts
     D:7: 951 daAuts
     D:2: 920 daAuts
 Abyss:2: 120 daAuts
  Temple: 30 daAuts
     D:8: 13 daAuts
